 Dungeon Crawl Stone Soup version 0.26-a0-52-gd53d4cd058 (webtiles) character file.

Game seed: 15569406348638086476

3737 Ge0ff the Changer (level 10, 0/115 HPs)
             Began as an Ogre Transmuter on June 6, 2020.
             Was a Believer of Sif Muna.
             Slain by a warg (16 damage)
             ... on level 8 of the Dungeon.
             The game lasted 00:24:41 (9896 turns).

Ge0ff the Changer (Ogre Transmuter)                 Turns: 9896, Time: 00:24:41

Health: 0/115      AC:  6    Str: 16    XL:     10   Next: 15%
Magic:  18/18      EV: 10    Int: 17    God:    Sif Muna [**....]
Gold:   164        SH:  0    Dex:  9    Spells: 5/20 levels left

rFire    x . .     SeeInvis .     - Unarmed
rCold    + + +     Gourm    .   (shield currently unavailable)
rNeg     . . .     Faith    .   (armour currently unavailable)
rPois    +         Spirit   .   (helmet currently unavailable)
rElec    .         Reflect  .   (cloak currently unavailable)
rCorr    .         Harm     .   (gloves unavailable)
MR       +....                  (boots unavailable)
Stlth    ++........             N - amulet of magic regeneration
HPRegen  0.29/turn              Z - ring of wizardry {=R}
MPRegen  0.41/turn              (no ring)

@: ice-form, hasted, very quick
A: large, unfitting armour
a: End Transformation, Channel Magic, Renounce Religion


You were on level 8 of the Dungeon.
You worshipped Sif Muna.
Sif Muna was pleased with you.
You were not hungry.
You were a creature of crystalline ice.
You visited 2 branches of the dungeon, and saw 9 of its levels.

You collected 340 gold pieces.
You spent 176 gold pieces at shops.

Inventory:

Hand Weapons
 w - a +0 short sword of venom {don't train}
 G - a +0 spear of distortion {don't train}
Missiles
 a - 105 arrows
 s - 37 poisoned darts (quivered) {don't train}
 v - 223 stones {don't train}
 B - 9 atropa-tipped darts {don't train}
 J - 4 datura-tipped darts {don't train=f}
 R - 8 javelins {don't train}
 Y - 7 boomerangs {don't train}
Armour
 L - a +1 robe of cold resistance (melded)
Jewellery
 N - an amulet of magic regeneration (around neck)
 V - an uncursed amulet of reflection
 Z - a ring of wizardry (left front paw) {=R}
Wands
 e - a wand of enslavement (3)
 f - a wand of flame (7)
 k - a wand of iceblast (10)
 x - a wand of random effects (24)
 P - a wand of polymorph (7)
Scrolls
 m - 2 scrolls of magic mapping
 A - 2 scrolls of enchant armour
 C - 3 scrolls of remove curse
 E - a scroll of fear
 K - 2 scrolls of amnesia {unknown}
 O - a scroll of enchant weapon {unknown}
 T - 3 scrolls of teleportation
 U - a scroll of noise
 W - 2 scrolls of silence {unknown}
Potions
 o - 2 potions of ambrosia
 q - a potion of curing
 H - a potion of haste {!q}
 I - a potion of stabbing {unknown}
 M - 2 potions of might
 Q - 2 potions of heal wounds {unknown}
 S - a potion of flight {unknown}
 X - 2 potions of mutation
Comestibles
 r - 5 rations


   Skills:
 + Level 5.3 Fighting
 - Level 2.0 Dodging
 + Level 2.7 Stealth
 + Level 4.2 Unarmed Combat
 + Level 5.8 Spellcasting
 + Level 3.0 Conjurations
 + Level 6.2 Transmutations
 * Level 3.6 Fire Magic
 + Level 4.0 Ice Magic
 + Level 4.7 Poison Magic
 + Level 2.4 Evocations


You had 5 spell levels left.
You knew the following spells:

 Your Spells              Type           Power        Failure   Level  Hunger
a - Beastly Appendage     Tmut           ####..       1%          1    None
b - Ice Form              Ice/Tmut       ###.....     6%          4    ####...
c - Foxfire               Conj/Fire      ###.         1%          1    None
j - Sticky Flame          Conj/Fire      ###.....     13%         4    ####...
s - Spider Form           Tmut/Pois      ###.......   1%          3    ##.....
S - Sticks to Snakes      Tmut           ####....     1%          2    #......

Your spell library contained the following spells:

 Spells                   Type           Power        Failure   Level  Hunger
 Conjure Flame            Conj/Fire      ###.....     4%          3    ##.....
 Inner Flame              Hex/Fire       ##......     8%          3    ##.....
 Blade Hands              Tmut           ####......   12%         5    ######.
 Confusing Touch          Hex            #.......     16%         3    ##.....
 Gell's Gravitas          Tloc           #.........   16%         3    ##.....
 Petrify                  Tmut/Erth      ###.....     16%         4    ####...
 Fireball                 Conj/Fire      ###.......   34%         5    ######.
 Yara's Violent Unravell  Hex/Tmut       ###.......   38%         5    ######.
 Metabolic Englaciation   Hex/Ice        ##........   52%         5    ######.


Dungeon Overview and Level Annotations

Branches:
Dungeon (8/15)             Temple (1/1) D:6            Lair (0/6) D:8

Altars:
Ashenzari
Cheibriados
Dithmenos
Elyvilon
Fedhas
Gozag
Hepliaklqana
Kikubaaqudgha
Makhleb
Nemelex Xobeh
Okawaru
Qazlal
Ru
Sif Muna
Trog
Uskayaw
Vehumet
Wu Jian
Xom
Yredelemnul
Zin
The Shining One

Shops:
D:7 ?


Innate Abilities, Weirdness & Mutations

You are too large for most types of armour.
((You have tough skin. (AC +1)))


Message History

You barely miss the warg.
The warg is moderately wounded.
The warg barely misses you.
You hit the warg but do no damage.
The warg is moderately wounded.
The warg bites you.
* * * LOW HITPOINT WARNING * * *
You closely miss the warg.
The warg is moderately wounded.
The warg closely misses you. x2
Really quaff
H - 2 potions of haste {!q}?
You feel yourself speed up. The warg bites you!
* * * LOW HITPOINT WARNING * * *
Items here: ))) [[ รท a +0 whip {don't train}; a +0 dagger {don't train}; a +0 robe a +0 dagger {don't train}; a +0 robe; an orc skeleton You feel better.
The warg bites you!
* * * LOW HITPOINT WARNING * * *
You feel better. The warg bites you!
You die...

#o........#.#
#.####.###.....#.#
#................#
######.####.##.###
#.####.##.#
####.........#
##.##.####.####
##....#.###.####.#
##...Y###.........#
#.....h#.###.######
##....))## #.#####
##...#.# #.<...#
##.##.# ##.###.#
####.##.###.#.##.##
...........###....#
####.#..###.#.##.....#
#.#..# ##.## ###[#


You could see a warg.

Vanquished Creatures
  Grinder (D:4)
  A hippogriff (D:7)
  A hungry ghost (D:7)
  2 orc warriors
  6 ice beasts
  2 ogres (D:6)
  4 sky beasts
  2 phantoms
  3 bullfrogs (D:6)
  9 wights (D:6)
  4 howler monkeys
  A crimson imp (D:6)
  2 hounds (D:6)
  2 orc priests
  3 jellies
  10 orc wizards
  9 worker ants
  2 iguanas
  A worker ant zombie (D:7)
  4 gnolls
  10 adders
  A shadow imp (D:3)
  An adder skeleton (D:5)
  4 worms
  3 dart slugs
  3 leopard geckos
  8 orcs
  6 giant cockroaches
  7 goblins
  5 hobgoblins
  10 jackals
  3 quokkas
  11 bats
  4 frilled lizards
  8 kobolds
  A quokka zombie (D:7)
  11 rats
165 creatures vanquished.

Vanquished Creatures (collateral kills)
  An adder (D:2)
1 creature vanquished.

Vanquished Creatures (others)
  83 foxfires (D:6)
83 creatures vanquished.

Grand Total: 249 creatures vanquished

Notes
Turn   | Place    | Note
-------+----------+-------------------------------------------
     0 | D:1      | Ge0ff the Ogre Transmuter began the quest for the Orb.
     0 | D:1      | Reached XP level 1. HP: 19/19 MP: 3/3
   116 | D:1      | Reached skill level 2 in Transmutations
   116 | D:1      | Reached XP level 2. HP: 11/28 MP: 2/5
   127 | D:1      | Learned a level 2 spell: Sticks to Snakes
   929 | D:1      | Reached XP level 3. HP: 35/35 MP: 5/7
  1301 | D:2      | Reached skill level 1 in Stealth
  1489 | D:2      | Reached XP level 4. HP: 40/42 MP: 6/8
  1677 | D:2      | Learned a level 3 spell: Spider Form
  2256 | D:2      | Reached skill level 3 in Transmutations
  2277 | D:2      | Reached XP level 5. HP: 18/50 MP: 5/9
  2920 | D:3      | Reached skill level 1 in Poison Magic
  3426 | D:3      | Found a sparkling altar of Nemelex Xobeh.
  3536 | D:4      | Noticed a phantom
  4226 | D:4      | Reached XP level 6. HP: 61/61 MP: 8/11
  4232 | D:4      | Learned a level 4 spell: Ice Form
  4332 | D:4      | Killed a phantom
  4536 | D:4      | Noticed Grinder
  4729 | D:4      | Killed Grinder
  4729 | D:4      | Reached skill level 4 in Transmutations
  4729 | D:4      | Reached XP level 7. HP: 67/67 MP: 11/13
  4982 | D:4      | Found a basalt altar of Yredelemnul.
  5114 | D:5      | Entered Level 5 of the Dungeon
  5225 | D:5      | Reached skill level 1 in Ice Magic
  5549 | D:5      | Found a snail-covered altar of Cheibriados.
  5571 | D:5      | Learned a level 4 spell: Sticky Flame
  5768 | D:5      | Reached XP level 8. HP: 75/75 MP: 10/14
  5906 | D:6      | Reached skill level 5 in Transmutations
  6032 | D:6      | Learned a level 1 spell: Foxfire
  6523 | D:6      | Found a staircase to the Ecumenical Temple.
  6532 | D:6      | Reached skill level 1 in Conjurations
  6551 | Temple   | Entered the Ecumenical Temple
  6691 | Temple   | Became a worshipper of Sif Muna the Loreminder
  6726 | D:6      | Reached skill level 1 in Fire Magic
  6790 | D:6      | Reached skill level 1 in Evocations
  6989 | D:6      | Reached skill level 5 in Spellcasting
  7247 | D:6      | Reached XP level 9. HP: 80/84 MP: 12/16
  7265 | D:6      | Reached * piety under Sif Muna
  8014 | D:7      | Found Huonocal's Magic Scroll Shop.
  8019 | D:7      | Bought a scroll of teleportation for 48 gold pieces
  8019 | D:7      | Bought a scroll of identify for 32 gold pieces
  8020 | D:7      | Bought a scroll of identify for 32 gold pieces
  8020 | D:7      | Bought a scroll of identify for 32 gold pieces
  8020 | D:7      | Bought a scroll of identify for 32 gold pieces
  8344 | D:7      | Reached skill level 6 in Transmutations
  8774 | D:7      | Reached skill level 5 in Fighting
  9273 | D:7      | Found a shadowy altar of Dithmenos.
  9288 | D:7      | Reached XP level 10. HP: 88/96 MP: 18/18
  9565 | D:8      | Reached ** piety under Sif Muna
  9866 | D:8      | Found a staircase to the Lair.
  9896 | D:8      | Slain by a warg

Illustrated notes

Levels and vault maps discovered:
D:1:      dpeg_arrival_arbitrary_a, layout_basic
D:2:      layout_basic, serial_bayou, serial_bayou_pond_c, serial_bayou_lake_a,
          serial_bayou_pond_d, serial_bayou_pond_c, serial_bayou_pond_e,
          serial_bayou_pond_a, st_stairs_13, kennysheep_generic_room_6
D:3:      layout_rooms, first_ration, nemelex_spade_bored_becter
D:4:      layout_cave_pools, yredelemnul_altar_generic, uniq_grinder
D:5:      layout_rooms, basic_altar
D:6:      layout_basic, minmay_temple_entry_grid
D:7:      layout_loops_ring, grunt_dithmenos_shadows, serial_shops, shop_scrolls
D:8:      layout_loops_ring, erik_lair_orcish_takeover, david_nohive_1
Temple:   compressed_dpeg_circular_temple

Skill      XL: |  1  2  3  4  5  6  7  8  9 10 |
---------------+-------------------------------+-----
Transmutations | 2 3 4 5 6 |  6.2
Unarmed Combat | 3 4 |  4.2
Fighting       | 2 3 4 5 |  5.3
Stealth        | 1 2 |  2.7
Spellcasting   | 3 4 5 |  5.8
Dodging        | 2 |  2.0
Poison Magic   | 2 3 4 |  4.7
Ice Magic      | 2 3 4 |  4.0
Conjurations   | 1 2 3 |  3.0
Fire Magic     | 1 3 |  3.6
Evocations     | 1 2 |  2.4

Action                   |  1- 3 |  4- 6 |  7- 9 | 10-12 || total
-------------------------+-------+-------+-------+-------++-------
Melee: Unarmed           |   109 |   251 |   331 |    44 ||   735
       Kick              |    14 |    13 |     2 |       ||    29
       Headbutt          |     7 |    13 |       |       ||    20
Throw: Stone             |     2 |       |       |       ||     2
       Dart              |       |    18 |       |       ||    18
 Cast: Beastly Appendage |    29 |    22 |     3 |       ||    54
       Sticks to Snakes  |     2 |     3 |     1 |       ||     6
       Spider Form       |       |    10 |    33 |     1 ||    44
       Ice Form          |       |       |     4 |     2 ||     6
       Foxfire           |       |       |    48 |       ||    48
 Abil: End Transformatio |       |       |     1 |       ||     1
Evoke: Wand              |       |     4 |       |       ||     4
  Use: Potion            |       |     1 |       |     3 ||     4
       Scroll            |       |     4 |     9 |       ||    13
 Stab: Paralysed         |       |     8 |       |       ||     8
       Sleeping          |       |       |     1 |       ||     1
  Eat: Chunk             |     2 |     9 |    13 |       ||    24
       Ration            |       |     1 |     2 |     1 ||     4
Armor: Robe              |    58 |    66 |     2 |       ||   126
       Skin              |       |     1 |    29 |     8 ||    38
Dodge: Dodged            |    74 |   148 |   179 |    25 ||   426
Block: Other             |       |    25 |    28 |       ||    53

Table legend:
 A = Non-vault XP
 B = Vault XP
 C = Vault XP percentage of total XP
 D = Non-vault monster count
 E = Vault monster count
 F = Vault count percentage of total count
                 A         B        C        D         E       F
            +---------+---------+-------+---------+---------+-------
      Total |    4842 |     497 |   9.3 |     157 |       9 |   5.4
            +---------+---------+-------+---------+---------+-------
        D:1 |      42 |       0 |   0.0 |      19 |       0 |   0.0
        D:2 |      79 |      50 |  38.8 |      27 |       6 |  18.2
        D:3 |      67 |       0 |   0.0 |      18 |       0 |   0.0
        D:4 |     249 |     277 |  52.7 |       9 |       1 |  10.0
        D:5 |     488 |       0 |   0.0 |      12 |       0 |   0.0
        D:6 |    1505 |       0 |   0.0 |      33 |       0 |   0.0
        D:7 |    1888 |     129 |   6.4 |      29 |       1 |   3.3
        D:8 |     524 |      41 |   7.3 |      10 |       1 |   9.1
            +---------+---------+-------+---------+---------+-------
